 Dungeon Crawl Stone Soup version 0.22.0-27-ga576289601 (webtiles) character file.

2492 Kniotic the Martial Artist (level 9, -4/63 HPs)
             Began as a Demonspawn Monk on Aug 21, 2018.
             Was a Priest of Cheibriados.
             Slain by a yak (11 damage)
             ... on level 8 of the Dungeon.
             The game lasted 00:09:57 (6301 turns).

Kniotic the Martial Artist (Demonspawn Monk)        Turns: 6301, Time: 00:09:57

Health: -4/63      AC: 12    Str: 23    XL:     9   Next: 27%
Magic:  3/9        EV: 13    Int: 19    God:    Cheibriados [***...]
Gold:   300        SH:  0    Dex: 28    Spells: 6/8 levels left

rFire    . . .     SeeInvis .     - Unarmed
rCold    . . .     Gourm    +   (no shield)
rNeg     . . .     Faith    .   y - +1 scale mail
rPois    .         Spirit   .   g - +1 helmet
rElec    .         Reflect  .   (no cloak)
rCorr    .         Harm     .   q - +0 pair of gloves
MR       .....                  (no boots)
Stlth    +.........             s - amulet of the gourmand
HPRegen  0.20/turn              i - +2 ring of protection
MPRegen  0.11/turn              t - +4 ring of dexterity

@: silence, very slow
A: talons 2, nightstalker 1, sturdy frame 2
a: Renounce Religion


You were on level 8 of the Dungeon.
You worshipped Cheibriados.
Cheibriados was most pleased with you.
You were completely stuffed.

You visited 2 branches of the dungeon, and saw 9 of its levels.

You collected 300 gold pieces.

Inventory:

Armour
 g - a +1 helmet (worn)
 q - a +0 pair of gloves (worn)
 y - a +1 scale mail (worn)
Jewellery
 i - a +2 ring of protection (left hand)
 s - an amulet of the gourmand (around neck)
 t - a +4 ring of dexterity (right hand)
Wands
 o - a wand of disintegration (8)
Scrolls
 a - a scroll of enchant weapon {unknown}
 c - 2 scrolls of silence
 e - 4 scrolls of identify
 f - 3 scrolls of enchant armour
 h - 3 scrolls of amnesia {unknown}
 j - 3 scrolls of fear {unknown}
 k - 4 scrolls of remove curse
 l - a scroll of magic mapping {unknown}
 p - a scroll of noise {unknown}
 x - 2 scrolls of teleportation {unknown}
Potions
 d - a potion of brilliance
 m - a potion of curing
 n - 2 potions of cancellation
 r - a potion of mutation
 u - 2 potions of might
 w - a potion of heal wounds {unknown}
Comestibles
 b - 13 rations


   Skills:
 - Level 3.0 Fighting
 - Level 2.6 Dodging
 - Level 1.7 Stealth
 + Level 11.6 Unarmed Combat


You had 6 spell levels left.
You knew the following spells:

 Your Spells              Type           Power        Failure   Level  Hunger
a - Passwall              Tmut/Erth      #.......     41%         2    ###....

Your spell library contained the following spells:

 Spells                   Type           Power        Failure   Level  Hunger
 Magic Dart               Conj           #...         28%         1    ##.....
 Sandblast                Erth           #.....       28%         1    ##.....
 Blink                    Tloc           N/A          41%         2    ###....
 Call Imp                 Summ           #.......     41%         2    ###....
 Slow                     Hex            #.......     41%         2    ###....
 Conjure Flame            Conj/Fire      #.......     65%         3    ####...
 Mephitic Cloud           Conj/Pois/Air  #.......     65%         3    ####...
 Stone Arrow              Conj/Erth      #.....       65%         3    ####...
 Petrify                  Tmut/Erth      #.......     96%         4    #####..
 Lee's Rapid Deconstruct  Erth           #.........   100%        5    ######.


Dungeon Overview and Level Annotations

Branches:
Dungeon (8/15)             Temple (1/1) D:4
   Lair: D:8-11

Altars:
Ashenzari
Cheibriados
Dithmenos
Elyvilon
Fedhas
Gozag
Hepliaklqana
Kikubaaqudgha
Makhleb
Nemelex Xobeh
Okawaru
Qazlal
Sif Muna
Trog
Uskayaw
Vehumet
Xom
Yredelemnul
Zin
The Shining One


Innate Abilities, Weirdness & Mutations

You have razor-sharp toenails.
You are slightly more attuned to the shadows.
Your movements are less encumbered by armour. (ER -4)


Message History

Your +0 scale mail glows green for a moment.
The dream sheep misses you. The big kobold hits you with a dagger.
The yak gores you but does no damage. The dream sheep bites you.
As you read the scroll labeled SOCVYW QEBB, it crumbles to dust.
A profound silence engulfs you.
It was a scroll of silence.
The dream sheep bites you.
The big kobold hits you but does no damage.
The yak gores you. The dream sheep bites you.
* * * LOW HITPOINT WARNING * * *
Okay, then.
Okay, then.
The yak barely misses you.
The dream sheep shake their wool and sparkle.
You feel drowsy...
You fall asleep.
The dream sheep bites you!
You wake up.
* * * LOW HITPOINT WARNING * * *
The big kobold hits you but does no damage.
The yak gores the plant!
The yak gores you but does no damage. The yak gores you!
You die...

####### #%%...+
.....# ##'''###+#
#...%.P≈.#
#.%.%.≈≈P#
#.YPY.P)≈# #.#
#..YYK.≈P# #.#
#.≈@≈†≈PP#
#.##########.#####
##........[...# #
###.....#########
#.#.........#
#.#........(#
#...#...#.###
###.........#
.....[......#


You could see 2 yaks, a big kobold and 2 dream sheep.

Vanquished Creatures
  Eustachio (D:5)
  Edmund (D:5)
  An ice beast (D:7)
  An ogre (D:4)
  2 centaurs
  Blork the orc (D:6)
  A big kobold (D:8)
  A wyvern skeleton (D:7)
  A scorpion (D:4)
  8 wights
  3 howler monkeys (D:7)
  A crimson imp (D:6)
  2 jellies
  4 orc priests
  4 hounds
  2 orc wizards
  A bullfrog skeleton (D:6)
  4 centaur skeletons
  3 worker ants
  2 iguanas
  A centaur simulacrum (D:8)
  A mummy (D:5)
  A howler monkey skeleton (D:5)
  7 adders
  2 shadow imps
  A white imp (D:8)
  An ufetubus (D:8)
  3 oozes
  An adder zombie (D:7)
  An adder skeleton (D:4)
  5 worms
  A dart slug (D:1)
  5 leopard geckos
  25 orcs
  6 giant cockroaches
  7 goblins
  5 hobgoblins
  23 jackals
  2 quokkas
  9 bats
  A kobold (D:2)
  A leopard gecko zombie (D:5)
  2 quokka simulacra (D:8)
  A quokka zombie (D:7)
  2 rats (D:1)
158 creatures vanquished.

Vanquished Creatures (others)
  An orc wizard (D:5)
1 creature vanquished.

Grand Total: 159 creatures vanquished

Notes
Turn   | Place    | Note
-------+----------+-------------------------------------------
     0 | D:1      | Kniotic the Demonspawn Monk began the quest for the Orb.
     0 | D:1      | Reached XP level 1. HP: 18/18 MP: 1/1
    48 | D:1      | Reached skill level 3 in Unarmed Combat
   154 | D:1      | Gained mutation: You have sharp toenails. [demonic ancestry]
   154 | D:1      | Reached XP level 2. HP: 4/24 MP: 2/2
   896 | D:2      | Reached XP level 3. HP: 25/29 MP: 3/3
  1050 | D:2      | Reached skill level 4 in Unarmed Combat
  1647 | D:3      | Found a white marble altar of Elyvilon.
  1649 | D:3      | Found a stormy altar of Qazlal.
  1700 | D:3      | Gained mutation: Your movements are slightly less encumbered by armour. (ER -2) [demonic ancestry]
  1700 | D:3      | Reached XP level 4. HP: 35/35 MP: 4/4
  2053 | D:3      | Found a deep blue altar of Sif Muna.
  2060 | D:3      | Found a bloodstained altar of Trog.
  2063 | D:3      | Found a glowing silver altar of Zin.
  2110 | D:3      | Found a blossoming altar of Fedhas.
  2367 | D:4      | Reached skill level 5 in Unarmed Combat
  2380 | D:4      | Gained mutation: You have razor-sharp toenails. [demonic ancestry]
  2380 | D:4      | Reached XP level 5. HP: 29/41 MP: 5/5
  2504 | D:4      | Found a staircase to the Ecumenical Temple.
  2513 | Temple   | Entered the Ecumenical Temple
  2619 | D:4      | Noticed an ogre
  2633 | D:4      | Killed an ogre
  2633 | D:4      | Reached skill level 6 in Unarmed Combat
  2977 | D:4      | Gained mutation: You are slightly more attuned to the shadows. [demonic ancestry]
  2977 | D:4      | Reached XP level 6. HP: 47/47 MP: 6/6
  3036 | D:4      | Found a basalt altar of Yredelemnul.
  3498 | D:4      | Reached skill level 7 in Unarmed Combat
  3682 | D:4      | Gained mutation: Your movements are less encumbered by armour. (ER -4) [demonic ancestry]
  3682 | D:4      | Reached XP level 7. HP: 51/52 MP: 7/7
  3890 | D:5      | Entered Level 5 of the Dungeon
  4098 | D:5      | Found a snail-covered altar of Cheibriados.
  4101 | D:5      | Noticed Edmund
  4111 | D:5      | Became a worshipper of Cheibriados the Contemplative
  4111 | D:5      | Reached * piety under Cheibriados
  4111 | D:5      | Reached ** piety under Cheibriados
  4115 | D:5      | Killed Edmund
  4115 | D:5      | Reached skill level 8 in Unarmed Combat
  4155 | D:5      | Found a sparkling altar of Nemelex Xobeh.
  4310 | D:5      | Noticed Eustachio
  4326 | D:5      | Killed Eustachio
  4326 | D:5      | Reached skill level 9 in Unarmed Combat
  4326 | D:5      | Reached XP level 8. HP: 54/58 MP: 8/8
  4824 | D:6      | Learned a level 2 spell: Passwall
  4825 | D:6      | Found an iron altar of Okawaru.
  4884 | D:6      | Noticed Blork the orc
  4906 | D:6      | Killed Blork the orc
  4987 | D:6      | Reached skill level 10 in Unarmed Combat
  4989 | D:6      | Reached *** piety under Cheibriados
  5695 | D:7      | Reached skill level 11 in Unarmed Combat
  5695 | D:7      | Reached XP level 9. HP: 63/63 MP: 9/9
  6198 | D:8      | Found a glowing golden altar of the Shining One.
  6301 | D:8      | Slain by a yak

Skill      XL: |  1  2  3  4  5  6  7  8 |
---------------+-------------------------+-----
Unarmed Combat | 3 4 5 6 7 9 11 | 11.6
Fighting       | |  3.0
Dodging        | |  2.6
Stealth        | |  1.7

Action                   |  1- 3 |  4- 6 |  7- 9 || total
-------------------------+-------+-------+-------++-------
Melee: Unarmed           |   139 |   183 |   215 ||   537
       Kick              |    24 |    52 |    93 ||   169
       Punch             |     2 |     4 |    15 ||    21
Invok: Bend Time         |       |       |     2 ||     2
  Use: Scroll            |       |       |     7 ||     7
 Stab: Sleeping          |     5 |     5 |     4 ||    14
       Distracted        |       |       |     1 ||     1
  Eat: Chunk             |     3 |     6 |    14 ||    23
Armor: Robe              |    38 |     2 |       ||    40
       Ring mail         |       |    39 |    45 ||    84
       Chain mail        |       |       |     4 ||     4
       Scale mail        |       |       |    35 ||    35
Dodge: Dodged            |    91 |    98 |   104 ||   293
